 Dungeon Crawl Stone Soup version 0.20-a0-1078-g4874019 (webtiles) character file.

350 FastMan the Chopper (level 6, 0/60 HPs)
             Began as a Gargoyle Berserker on May 1, 2017.
             Was a Believer of Trog.
             Slain by a killer bee (4 damage)
             ... on level 5 of the Dungeon.
             The game lasted 00:02:22 (1971 turns).

FastMan the Chopper (Gargoyle Berserker)            Turns: 1971, Time: 00:02:22

Health: 0/60       AC: 23    Str: 20 (21) XL:     6   Next: 60%
Magic:  6/6        EV:  2    Int:  5 (8)  God:    Trog [**....]
Gold:   293        SH:  0    Dex:  9 (10) Spells: 5/5 levels left

rFire    . . .     SeeInvis .   a - +0 hand axe
rCold    . . .     Gourm    .   (no shield)
rNeg     + + +     Faith    .   (armour currently unavailable)
rPois    ∞         Spirit   .   (helmet currently unavailable)
rElec    .         Reflect  .   (cloak currently unavailable)
rCorr    .         Harm     .   (gloves currently unavailable)
MR       +....     NoTele   +   (boots currently unavailable)
Stlth    +.........             (no amulet)
Regen    0.2/turn               q - ring of protection from magic
MPRegen  0.1/turn               (no ring)

@: tree-form, slowed, very slow
A: negative energy resistance 1, petrification resistance, rot immunity, AC +4
a: Berserk, Trog's Hand, Burn Spellbooks, Renounce Religion


You were on level 5 of the Dungeon.
You worshipped Trog.
Trog was pleased with you.
You were very hungry.
You were a tree.
You visited 1 branch of the dungeon, and saw 5 of its levels.

You collected 293 gold pieces.

Inventory:

Hand Weapons
 a - a +0 hand axe (weapon)
Armour
 i - a +2 helmet of see invisible (melded)
 o - a +1 chain mail (melded)
Jewellery
 q - a ring of protection from magic (left branch)
Scrolls
 d - 3 scrolls of remove curse {@r2}
Potions
 b - 2 potions of lignification
 e - 3 potions of curing {@q1}
 f - a potion of heal wounds {unknown}
 l - 2 potions of degeneration
Comestibles
 c - 3 bread rations {@e1}
 j - a fruit {@e4}


   Skills:
 + Level 5.2 Fighting
 * Level 5.5 Axes
 - Level 2.1 Armour
 - Level 1.5 Dodging


You had 5 spell levels left.
You didn't know any spells.

Dungeon Overview and Level Annotations

Branches:
Dungeon (5/15)
 Temple: D:4-7

Altars:
Ashenzari
Gozag
Hepliaklqana
Kikubaaqudgha
Makhleb
Nemelex Xobeh
Qazlal
Ru
Trog
Xom

Annotations:
D:4 1 transporter


Innate Abilities, Weirdness & Mutations

You are resistant to torment.
((Your stone body is resilient. (AC +4)))
You are immune to poison.
You resist negative energy. (rN+)
((You are resistant to electric shocks. (rElec)))
((You can survive without breathing.))
You are immune to petrification.
You are immune to rotting.


Message History

The killer bee closely misses you. x2
Unknown command.
It was a potion of degeneration.
There was something very wrong with that liquid.
You feel weakened.
You feel dopey.
You feel clumsy.
The killer bee stings you but does no damage.
The killer bee stings you.
* * * LOW HITPOINT WARNING * * *
The killer bee barely misses you. The killer bee stings you.
* * * LOW HITPOINT WARNING * * *
The killer bee stings you but does no damage.
The phantom blinks!
The killer bee stings you.
* * * LOW HITPOINT WARNING * * *
The killer bee stings you but does no damage. x3
It was a potion of lignification.
You turn into a tree.
Your +2 helmet of see invisible melds into your body.
Your +1 chain mail melds into your body.
You feel less perceptive.
Your roots penetrate the ground.
The killer bee stings you.
You die...

.### . ...# ###. #..#
##... #####.. #....
.#......###..#
.....#.#.....#
#...#.###.#
########.....y♣#
#........#...yy#
#.####...#.........
###...##.#...........#
...##.##.#....#.#.##.#
##.##....##.###.....
.. #.########..
....#.# . #.#
#######.#.. #..


You could see 3 killer bees.

Vanquished Creatures
  The ghost of FastMan the Skirmisher, an amateur GrFi (D:4)
  2 hounds (D:4)
  Terence (D:3)
  Robin (D:2)
  7 adders
  A shadow imp (D:5)
  2 oozes
  2 worms (D:2)
  A dart slug (D:2)
  A leopard gecko (D:2)
  6 orcs (D:4)
  2 giant cockroaches
  6 goblins
  7 hobgoblins
  A kobold (D:1)
  2 quokkas (D:3)
  A ball python skeleton (D:4)
  5 bats
  2 frilled lizards
  3 rats
54 creatures vanquished.

Notes
Turn   | Place    | Note
-------+----------+-------------------------------------------
     0 | D:1      | FastMan the Gargoyle Berserker began the quest for the Orb.
     0 | D:1      | Reached XP level 1. HP: 14/14 MP: 1/1
   350 | D:1      | Reached XP level 2. HP: 19/19 MP: 2/2
   457 | D:2      | Reached XP level 3. HP: 23/24 MP: 3/3
   464 | D:2      | Noticed Robin
   474 | D:2      | Killed Robin
   544 | D:2      | Reached XP level 4. HP: 27/29 MP: 4/4
   577 | D:2      | Found a hazy altar of Hepliaklqana.
   743 | D:2      | Found a shattered altar of Ashenzari.
   899 | D:2      | Found a shimmering altar of Xom.
   902 | D:2      | Found a bloodstained altar of Trog.
   918 | D:2      | Found an opulent altar of Gozag.
   918 | D:2      | Found a sacrificial altar of Ru.
   918 | D:2      | Found an ancient bone altar of Kikubaaqudgha.
   918 | D:2      | Found a stormy altar of Qazlal.
   920 | D:2      | Found a burning altar of Makhleb.
   968 | D:3      | Noticed Terence
   979 | D:3      | Killed Terence
   979 | D:3      | Reached XP level 5. HP: 34/34 MP: 5/5
  1081 | D:3      | Reached ** piety under Trog
  1458 | D:4      | Reached skill level 5 in Axes
  1493 | D:4      | Noticed FastMan's ghost (amateur GrFi)
  1509 | D:4      | Killed FastMan's ghost
  1509 | D:4      | Reached skill level 5 in Fighting
  1509 | D:4      | Reached XP level 6. HP: 28/40 MP: 6/6
  1753 | D:4      | Found a sparkling altar of Nemelex Xobeh.
  1919 | D:5      | Entered Level 5 of the Dungeon
  1928 | D:5      | Noticed a phantom
  1970 | D:5      | HP: 2/40 [killer bee (2)]
  1971 | D:5      | Slain by a killer bee

Vault maps used:
D:1:      minmay_arrival_plants_in_alcoves
D:2:      minmay_roachtagon, minitemple, old_standard_altar, uniq_robin,
          uniq_natasha
D:3:      kennysheep_goblin_castle, first_bread, uniq_terence
D:4:      grunt_nemelex_the_gamble
D:5:      lemuel_doored_altar

Skill      XL: |  1  2  3  4  5 |
---------------+----------------+-----
Axes           | 3 4 5 |  5.5
Fighting       | 4 5 |  5.2
Armour         | |  2.1
Dodging        | |  1.5

Action                   |  1- 3 |  4- 6 || total
-------------------------+-------+-------++-------
Melee: Hand axe          |    75 |   191 ||   266
Invok: Berserk           |     2 |     4 ||     6
  Use: Scroll            |       |    11 ||    11
       Potion            |       |     2 ||     2
  Eat: Chunk             |     1 |     7 ||     8
Armor: Animal skin       |    21 |    12 ||    33
       Chain mail        |       |   110 ||   110
Dodge: Dodged            |    49 |   112 ||   161
